Workbook

Sheet Resumen Contratista
B2: ='Partidas Contratista'!D3 -> GESTION DE RESIDUOS | E2: ='Partidas Contratista'!G3 -> 0
B3: ='Partidas Contratista'!D16 -> DEMOLICIONES, DESBROCE Y TALAS | E3: ='Partidas Contratista'!G16 -> 0
B4: ='Partidas Contratista'!D19 -> MOVIMIENTO DE TIERRAS Y DEMOLICIONES | E4: ='Partidas Contratista'!G19 -> 0
B5: ='Partidas Contratista'!D30 -> RELLENOS Y OTROS | E5: ='Partidas Contratista'!G30 -> 0
B6: ='Partidas Contratista'!D43 -> ESTRUCTURAS | E6: ='Partidas Contratista'!G43 -> 0
B7: ='Partidas Contratista'!D56 -> ARQUETAS, TAPAS, SUMIDEROS Y ELEMENTOS INT. | E7: ='Partidas Contratista'!G56 -> 0
B8: ='Partidas Contratista'!D89 -> SUB-BASES Y MBC Y UNIDADES DE URBANIZACION | E8: ='Partidas Contratista'!G89 -> 0
B9: ='Partidas Contratista'!D104 -> IMPERMEABILIZACIONES | E9: ='Partidas Contratista'!G104 -> 0
B10: ='Partidas Contratista'!D113 -> TUBERÍA FUNDICIÓN DUCTIL | E10: ='Partidas Contratista'!G113 -> 0
B11: ='Partidas Contratista'!D130 -> PIECERÍO FUNDICION DUCTIL | E11: ='Partidas Contratista'!G130 -> 0
B12: ='Partidas Contratista'!D205 -> TUBERIA POLIETILENO A.D | E12: ='Partidas Contratista'!G205 -> 0
B13: ='Partidas Contratista'!D224 -> VALVULAS DE COMPUERTA | E13: ='Partidas Contratista'!G224 -> 0
B14: ='Partidas Contratista'!D245 -> VALVULAS DE RETENCIÓN | E14: ='Partidas Contratista'!G245 -> 0
B15: ='Partidas Contratista'!D264 -> VALVULA REDUCTORA PRESION CON VALVULA PILOTO | E15: ='Partidas Contratista'!G264 -> 0
B16: ='Partidas Contratista'!D280 -> VALVULAS REDUCTORAS DE PRESION ACCION DIRECTA | E16: ='Partidas Contratista'!G280 -> 0
B17: ='Partidas Contratista'!D293 -> VALVULAS SOSTENEDORA DE PRESIÓN | E17: ='Partidas Contratista'!G293 -> 0
B18: ='Partidas Contratista'!D300 -> VALVULAS LIMITADORAS DE CAUDAL | E18: ='Partidas Contratista'!G300 -> 0
B19: ='Partidas Contratista'!D307 -> VENTOSA DOBLE BOLA SIN VÁLVULA | E19: ='Partidas Contratista'!G307 -> 0
B20: ='Partidas Contratista'!D322 -> VENTOSA DOBLE BOLA CON VÁLVULA ASIENTO | E20: ='Partidas Contratista'!G322 -> 0
B21: ='Partidas Contratista'!D339 -> VÁLVULA DE ALIVIO RÁPIDO | E21: ='Partidas Contratista'!G339 -> 0
B22: ='Partidas Contratista'!D352 -> VÁLVULA ANTICIPADORA DE ONDA | E22: ='Partidas Contratista'!G352 -> 0
B23: ='Partidas Contratista'!D365 -> CARRETES DE DESMONTAJE Y ADAPTADORES | E23: ='Partidas Contratista'!G365 -> 0
B24: ='Partidas Contratista'!D382 -> CONTADOR DE CHORRO MÚLTIPLE | E24: ='Partidas Contratista'!G382 -> 0
B25: ='Partidas Contratista'!D389 -> CONTADOR TIPO WOLTMAN | E25: ='Partidas Contratista'!G389 -> 0
B26: ='Partidas Contratista'!D402 -> CONTADOR ELECTROMAGNÉTICO | E26: ='Partidas Contratista'!G402 -> 0
B27: ='Partidas Contratista'!D409 -> FILTROS | E27: ='Partidas Contratista'!G409 -> 0
B28: ='Partidas Contratista'!D432 -> MANOMETROS ESTANCOS | E28: ='Partidas Contratista'!G432 -> 0
B29: ='Partidas Contratista'!D435 -> SIEMBRA Y PLANTACIONES | E29: ='Partidas Contratista'!G435 -> 0
B30: ='Partidas Contratista'!D440 -> DESMONTAJE VALVULAS REGULADORAS ACTUALES | E30: ='Partidas Contratista'!G440 -> 0
B31: ='Partidas Contratista'!D443 -> INGENIERIA | E31: ='Partidas Contratista'!G443 -> 0
B33: PRESUPUESTO DE EJECUCIÓN MATERIAL | E33: =SUM(E2:E31) -> 0
B35: Gastos generales | C35: 0.06 | E35: =E33*0.06 -> 0
B36: Beneficio industrial | C36: 0.13 | E36: =E33*0.13 -> 0
B38: PRESUPUESTO BASE DE LICITACIÓN SIN IVA | E38: =E33+E35+E36 -> 0
B40: IVA | C40: 0.21 | E40: =E38*0.21 -> 0
B42: PRESUPUESTO BASE DE LICITACIÓN
E43: =E38+E40 -> 0

Sheet Partidas Contratista
A1: Presupuesto
A2: Código | B2: Nat | C2: Ud | D2: Resumen | E2: CanPres | F2: Pres | G2: ImpPres
A3: A00-LER | B3: Capítulo | D3: GESTION DE RESIDUOS | G3: =SUM(G4:G14) -> 0
A4: 170504 | B4: Partida | C4: Tn | D4: RETIRADA TIERRAS Y ROCAS NO CONTAMINADAS | E4: 2000 | G4: =ROUND(E4*F4*1,2) -> 0
D5: RETIRADA DE TIERRAS Y ROCAS NO CONTAMINADAS
A6: 170505 | B6: Partida | C6: Tn | D6: RETIRADA LODOS DE DRENAJE C/SUSTANCIAS PELIGROSAS | E6: 6 | G6: =ROUND(E6*F6*1,2) -> 0
D7: RETIRADA DE LODOS DE DRENAJE QUE CONTIENEN SUSTANCIAS PELIGROSAS
A8: 170506 | B8: Partida | C8: Tn | D8: RETIRADA LODOS DE DRENAJE DISTINTOS 170505 | E8: 6 | G8: =ROUND(E8*F8*1,2) -> 0
D9: RETIRADA DE LODOS DE DRENAJE DISTINTOS DE LOS ESPECIFICADOS EN EL CÓDIGO 17.05.05
A10: 170605 | B10: Partida | C10: Tn | D10: RETIRADA MATERIALES QUE CONTIENEN AMIANTO | E10: 6 | G10: =ROUND(E10*F10*1,2) -> 0
D11: RETIRADA DE MATERIALES DE CONSTRUCCIÓN QUE CONTIENEN AMIANTO
A12: 170904_1 | B12: Partida | C12: Tn | D12: RETIRADA DE OTROS RESIDUOS DE CONSTRUCCIÓN Y DEMOLICIÓN MÁX 10% | E12: 15 | G12: =ROUND(E12*F12*1,2) -> 0
D13: RETIRADA DE OTROS RESIDUOS MEZCLADOS DE CONSTRUCCIÓN Y DEMOLICIÓN DISTINTOS DE LOS ESPECIFICADOS EN LOS CÓDIGOS 17.09.02 Y 17.09.03 CON 10% MÁXIMO DE PLÁSTICO, MADERA, YESO
A14: P98 | B14: Partida | C14: UD | D14: CONTENEDOR | E14: 85 | G14: =ROUND(E14*F14*1,2) -> 0
D15: CONTENEDOR EN OBRA PARA LA RETIRADA DE RESIDUOS, DURANTE TODA LA DURACIÓN DE LA OBRA.
A16: U0200 | B16: Capítulo | D16: DEMOLICIONES, DESBROCE Y TALAS | G16: =SUM(G17:G18) -> 0
A17: U020000 | B17: Partida | C17: M2 | D17: DESPEJE Y DESBROCE | E17: 806.99 | G17: =ROUND(E17*F17*1,2) -> 0
D18: DESPEJE Y DESBROCE POR MEDIOS MECANICOS Y/O MANUALES INCLUSO CARGA, TRANSPORTE Y VERTIDO EN OBRA.
A19: U0400 | B19: Capítulo | D19: MOVIMIENTO DE TIERRAS Y DEMOLICIONES | G19: =SUM(G20:G28) -> 0
A20: U040000 | B20: Partida | C20: M3 | D20: EXCAVACION DE TIERRA VEGETAL | E20: 2400 | G20: =ROUND(E20*F20*1,2) -> 0
D21: EXCAVACION DE TIERRA VEGETAL CON ACOPIO EN OBRA, INCLUYENDO CARGA, TRANSPORTE DENTRO DE LA OBRA Y DESCARGA.
A22: U040100 | B22: Partida | C22: M3 | D22: EXCAVACION CIELO ABIERTO SUELTO | E22: 2400 | G22: =ROUND(E22*F22*1,2) -> 0
D23: EXCAVACION A CIELO ABIERTO EN TERRENO SUELTO, INCLUSO AGOTAMIENTO, .
A24: U0XXXXX | B24: Partida | C24: M2 | D24: DEMOLICIÓN DE PAVIMENTO DE HORMIGÓN Y/O ASFALTADO | E24: 2000 | G24: =ROUND(E24*F24*1,2) -> 0
D25: DEMOLICIÓN DE PAVIMENTO DE HORMIGÓN Y/O ASFALTO HASTA 15 CMS DE ESPESOR, TRANSPORTE DENTRO DE LA OBRA Y DESCARGA
A26: U041100 | B26: Partida | C26: UD | D26: CATA LOCALIZACION DE SERVICIOS | E26: 230 | G26: =ROUND(E26*F26*1,2) -> 0
D27: CATA PARA LA LOCALIZACION DE SERVICIOS, ESTRUCTURAS E INSTALACIONES EXISTENTES EN CUALQUIER LUGAR Y ZONA DE LA OBRA HASTA UNA PROFUNDIDAD DE 2 M. POR MEDIOS MECANICOS Y MANUALES, INCLUSO POSTERIOR RELLENO.
A28: U041301 | B28: Partida | C28: M3 | D28: CARGA Y TRANSPORTE A VERTEDERO | E28: 2980 | G28: =ROUND(E28*F28*1,2) -> 0
D29: CARGA Y TRANSPORTE A VERTEDERO DE PRODUCTOS PROCEDENTES DE EXCAVACIONES Y/O DEMOLICIONES .
A30: U0500 | B30: Capítulo | D30: RELLENOS Y OTROS | G30: =SUM(G31:G42) -> 0
A31: U090001 | B31: Partida | C31: M3 | D31: RELLENO DE ZANJA CON MATERIAL EXCAVACION | E31: 2400 | G31: =ROUND(E31*F31*1,2) -> 0
D32: RELLENO DE ZANJA CON MATERIAL ADECUADO PROCEDENTE DE LA EXCAVACION, INCLUSO EXTENDIDO Y COMPACTACION MECANICA AL 95 % PROCTOR MODIFICADO.
A33: U090002 | B33: Partida | C33: M3 | D33: RELLENO DE ZANJA CON MATERIAL ZAHORRA | E33: 240 | G33: =ROUND(E33*F33*1,2) -> 0
D34: RELLENO DE ZANJA CON MATERIAL DE PRESTAMO CALIDAD TIPO ZAHORRA, INCLUSO EXTENDIDO Y COMPACTACION.
A35: U090003 | B35: Partida | C35: M3 | D35: RELLENO DE ZANJA CON ARENA | E35: 75 | G35: =ROUND(E35*F35*1,2) -> 0
D36: RELLENO DE ZANJA CON ARENA CALIZA TIPO A-5 SEGUN EL PLIEGO PARA ASIENTO Y/O PROTECCION DE TUBERIAS, INCLUSO EXTENDIDO Y COMPACTACION.
A37: U090004 | B37: Partida | C37: M3 | D37: RELLENO DE ZANJA CON GRAVA | E37: 75 | G37: =ROUND(E37*F37*1,2) -> 0
D38: RELLENO DE ZANJA CON GRAVA TIPO A-20 S/PLIEGO PARA ASIENTO Y/O PROTECCION DE TUBERIAS INCLUSO EXTENDIDO Y COMPACTACION.
A39: U090005 | B39: Partida | C39: M2 | D39: RELLENO DE ZANJA TIERRA VEGETAL | E39: 75 | G39: =ROUND(E39*F39*1,2) -> 0
D40: RELLENO DE ZANJA CON TIERRA VEGETAL PROCEDENTE DE LA OBRA, EXTENDIDA EN CAPA DE 0.30 M, QUE INCLUYE EXTENDIDO, REFINO, ARADO CON MOTOCULTOR, LABOREO Y RASTRILLADO.
A41: U090100 | B41: Partida | C41: M3 | D41: RELLENO DE TRASDOS MAT. SELEC. | E41: 120 | G41: =ROUND(E41*F41*1,2) -> 0
D42: RELLENO DE TRASDOS DE OBRA DE FABRICA CON MATERIAL SELECCIONADO DE EXCAVACION EXTENDIDO Y COMPACTADO MECANICAMENTE.
A43: U1100 | B43: Capítulo | D43: ESTRUCTURAS | G43: =SUM(G44:G55) -> 0
A44: U110000 | B44: Partida | C44: M2 | D44: ENCOFRADO RECTO CIMIENTOS | E44: 60 | G44: =ROUND(E44*F44*1,2) -> 0
D45: ENCOFRADO RECTO CIMIENTOS INCLUSO PARTE PROPORCIONAL DE ARRIOSTRAMIENTO, DISTANCIADORES, LATIGUILLOS,ETC. CORRECTAMENTE EJECUTADO. TIPO E-1.
A46: U110100 | B46: Partida | C46: M2 | D46: ENCOFRADO MUROS RECTO | E46: 4000 | G46: =ROUND(E46*F46*1,2) -> 0
D47: ENCOFRADO MUROS RECTO INCLUSO PARTE PROPORCIONAL DE ARRIOSTRAMIENTO, SEPARADORES, BERENJENOS, DISTANCIADORES DE DOBLE CONO DE PVC O PP RECUPERABLES, ETC. CORRECTAMENTE EJECUTADO.
A48: U120500 | B48: Partida | C48: M3 | D48: HORMIGON HA-25/P/25/IIa EN SOLERA | E48: 1800 | G48: =ROUND(E48*F48*1,2) -> 0
D49: HORMIGON HA-25/P/25/IIA PARA ARMAR EN SOLERAS, INCLUSO SUMINISTRO, VERTIDO, VIBRADO, CURADO, ACABADO Y EJECUCION DE JUNTAS.
A50: U130000 | B50: Partida | C50: ML | D50: JUNTA ELASTICA DE ESTANQUEIDAD | E50: 45 | G50: =ROUND(E50*F50*1,2) -> 0
D51: JUNTA ELASTICA DE ESTANQUEIDAD PVC (UNE-53510) DE 25 CM. DE ANCHURA PARA ESTANQUEIDAD DE MUROS O SOLERAS, CON NUCLEO TUBULAR EN JUNTAS HORIZONTALES O VERTICALES CON P.P. DE PIEZAS ESPECIALES SOLDADAS, GRAPAS CADA 30 CM. TOTALMENTE ACABADA.
A52: U130200 | B52: Partida | C52: ML | D52: SELLADO DE JUNTAS DE CONSTRUCCION | E52: 45 | G52: =ROUND(E52*F52*1,2) -> 0
D53: SELLADO DE JUNTAS DE CONSTRUCCION CON MASILLA PLASTICA DE BETUN, INCLUYENDO LIMPIEZA Y SECADO PREVIO S/UNE 41107.
A54: U140100 | B54: Partida | C54: KG | D54: ACERO CORRUGADO TIPO B 400-S | E54: 78000 | G54: =ROUND(E54*F54*1,2) -> 0
D55: ACERO CORRUGADO TIPO B 400-S INCLUSO SUMINISTRO, ELABORACION, MONTAJE EN OBRA Y PARTE PROPORCIONAL DE DESPUNTES, ALAMBRE DE ATAR, SEPARADORES, RIGIDIZADORES, ETC.
A56: U1407 | B56: Capítulo | D56: ARQUETAS, TAPAS, SUMIDEROS Y ELEMENTOS INT. | G56: =SUM(G57:G87) -> 0
A57: U140700 | B57: Partida | C57: UD | D57: TAPA "CONSORCIO" 700X700 MM | E57: 3 | G57: =ROUND(E57*F57*1,2) -> 0
D58: TAPA METALICA DE ARQUETA TIPO "CONSORCIO" 700X700 MM DE HUECO, CON MARCO Y ANCLAJES CONSTRUIDA EN CHAPA ESTRIADA 6/8 MM. CALIDAD S 235 JR, GALVANIZADA EN CALIENTE, BISAGRAS Y CIERRE INOX AISI-304, INCLUSO NIVELACION, MONTAJE, RECIBIDO Y PRUEBAS.
A59: U140701 | B59: Partida | C59: UD | D59: TAPA "CONSORCIO" 800x800 MM | E59: 2 | G59: =ROUND(E59*F59*1,2) -> 0
D60: TAPA METALICA DE ARQUETA TIPO "CONSORCIO" 800X800 MM DE HUECO, CON MARCO Y ANCLAJES CONSTRUIDA EN CHAPA ESTRIADA 6/8 MM. CALIDAD S 235 JR, GALVANIZADA EN CALIENTE, BISAGRAS Y CIERRE INOX AISI-304, INCLUSO NIVELACION, MONTAJE, RECIBIDO Y PRUEBAS.
A61: U140702 | B61: Partida | C61: UD | D61: TAPA "CONSORCIO" 1100 x 1100 MM | E61: 1 | G61: =ROUND(E61*F61*1,2) -> 0
D62: TAPA METALICA DE ARQUETA TIPO "CONSORCIO" 1.100 X 1.100 MM DE HUECO, CON MARCO Y ANCLAJES CONSTRUIDA EN CHAPA ESTRIADA 6/8 MM. CALIDAD S 235 JR, GALVANIZADA EN CALIENTE, BISAGRAS Y CIERRE INOX AISI-304, INCLUSO NIVELACION, MONTAJE, RECIBIDO Y PRUEBAS.
A63: U140900 | B63: Partida | C63: M2 | D63: CHAPA LAGRIMADA O ESTRIADA DE A | E63: 3 | G63: =ROUND(E63*F63*1,2) -> 0
D64: CHAPA LAGRIMADA O ESTRIADA DE ACERO S 275 JR PARA PLATAFORMA O PISOS, DE 4 MM. DE ESPESOR GALVANIZADA, TOTALMENTE MONTADA Y REMATES.
A65: U141100 | B65: Partida | C65: UD | D65: PATES DE POLIPROPILENO ARMADOS | E65: 150 | G65: =ROUND(E65*F65*1,2) -> 0
D66: PATES DE POLIPROPILENO COPOLÍMERO REFORZADO CON ACERO CALIBRADO F1, DUREZA DE 65 Kg/mm2, SUPERFICIE Y ALETAS LATERALES ANTIDESLIZANTES, CON TOPE DE GOLPEO PARA COLOCACIÓN, FABRICADO DE ACUERDO LA NORMA EN-13101, CONFORME A LA LEY ESPAÑOLA LPRL 31/1995, LEY DE PREVENCIÓN DE RIESGOS LABORALES Y AL R.D. 486/1997, DISPOSICIONES MÍNIMAS DE SEGURIDAD Y SALUD EN LOS LUGARES DE TRABAJO. DIMENSIONES 402 x 240 mm Y SEPARACIÓN ENTRE TOPES DE 380 mm. PELDAÑO DE 30 mm. COLOR NARANJA. INCLUIDA EJECUCIÓN DE 2 TALADROS DE 25mm DE DIÁMETRO Y 85 mm DE PROFUNDIDAD PARA MONTAJE Y NIVELACIÓN DEL NIVELACIÓN DEL PATE.
A67: U141120 | B67: Partida | C67: UD | D67: ASIDERO EMPOTRADO EN PARED DE HORMIGÓN | E67: 3 | G67: =ROUND(E67*F67*1,2) -> 0
D68: SUMINISTRO E INSTALACIÓN DE ASIDERO EMPOTRADO EN LA PARED DE HORMIGÓN, PARA ASCENSO Y DESCENSO DE POZOS, FABRICADO EN ACERO INOXIDABLE, INCLUIDO BASTÓN.
A69: U141121 | B69: Partida | C69: UD | D69: ASIDERO INSTALADOS EN PATES | E69: 3 | G69: =ROUND(E69*F69*1,2) -> 0
D70: SUMINISTRO E INSTALACIÓN DE ASIDERO INSTALADO EN PATES, PARA ASCENSO Y DESCENSO DE POZOS, FABRICADO EN ACERO INOXIDABLE, INCLUIDO BASTÓN.
A71: U141200 | B71: Partida | C71: UD | D71: TAPA ARQUETA F.N. DN=61 CM. | E71: 20 | G71: =ROUND(E71*F71*1,2) -> 0
D72: TAPA DE ARQUETAS, ESTANCA, DE FUNDICION NODULAR CLASE D 400, TIPO "CALZADA", CON ANAGRAMA "C.A.B.B." DE MARCO CUADRADO DE 84X84 CM. Y TAPA CIRCULAR DE 61 CM. DE DIAMETRO, INCLUSO MONTAJE Y RECIBIDO CON MORTERO DE CEMENTO 1:4.
A73: U141201 | B73: Partida | C73: UD | D73: TAPA ARQUETA F.N. DN=80 CM. | E73: 20 | G73: =ROUND(E73*F73*1,2) -> 0
D74: TAPA DE ARQUETA, ESTANCA, DE FUNDICION NODULAR CLASE D 400, TIPO "CALZADA", CON ANAGRAMA "C.A.B.B." MECANISMO DE CIERRE, MARCO CUADRADO DE 100X100 CM. Y TAPA CIRCULAR DE 80 CM. DE DIAMETRO, INCLUSO MONTAJE Y RECIBIDO CON MORTERO CEMENTO.
A75: U141202 | B75: Partida | C75: UD | D75: TAPA ARQUETA F.N. 90X60 CM. | E75: 15 | G75: =ROUND(E75*F75*1,2) -> 0
D76: TAPA DE ARQUETAS,ESTANCA, DE FUNDICION NODULAR CLASE D 400, TIPO "CALZADA", CON ANAGRAMA "C.A.B.B." DE MARCO CUADRADO DE 1120X764 MM. Y TAPA CUADRADA DE 900X600 MM., INCLUSO MONTAJE Y RECIBIDO CON MORTERO DE CEMENTO 1:4.
A77: U141203 | B77: Partida | C77: UD | D77: MARCO Y TAPA DE 675X530 MM | E77: 10 | G77: =ROUND(E77*F77*1,2) -> 0
D78: MARCO Y TAPA DE FUNDICION DUCTIL DE 675X530 MM EXTERIOR DE 35 KG., CIERRE TIPO C.A.B.B. INOXID. CLASE B-125 S/ UNE-EN 124, PINTADO CON BREA EPOXI, INCLUSO MONTAJE, NIVELADO Y RECIBIDO CON MORTERO DE CEMENTO.
A79: U141210 | B79: Partida | C79: UD | D79: TAPA ARQUETA F.N. DN=61 CM. | E79: 10 | G79: =ROUND(E79*F79*1,2) -> 0
D80: TAPA DE ARQUETAS, PERFORADA PARA VENTILACION, DE FUNDICION NODULAR CLASE D 400, TIPO "CALZADA", CON ANAGRAMA "C.A.B.B." DE MARCO CUADRADO DE 84X84 CM. Y TAPA CIRCULAR DE 61 CM. DE DIAMETRO, INCLUSO MONTAJE Y RECIBIDO CON MORTERO DE CEMENTO 1:4.
A81: U141211 | B81: Partida | C81: UD | D81: TAPA ARQUETA F.N. DN=80 CM. | E81: 5 | G81: =ROUND(E81*F81*1,2) -> 0
D82: TAPA DE ARQUETA, PERFORADA PARA VENTILACION, DE FUNDICION NODULAR CLASE D 400, TIPO "CALZADA", CON ANAGRAMA "C.A.B.B." MECANISMO DE CIERRE, MARCO CUADRADO DE 100X100 CM. Y TAPA CIRCULAR DE 80 CM. DE DIAMETRO, INCLUSO MONTAJE Y RECIBIDO CON MORTERO CEMENTO.
A83: U141212 | B83: Partida | C83: UD | D83: TAPA ARQUETA F.N. 90X60 CM. | E83: 5 | G83: =ROUND(E83*F83*1,2) -> 0
D84: TAPA DE ARQUETAS, PERFORADA PARA VENTILACION, DE FUNDICION NODULAR CLASE D 400, TIPO "CALZADA", CON ANAGRAMA "C.A.B.B." DE MARCO CUADRADO DE 1120X764 MM. Y TAPA CUADRADA DE 900X600 MM., INCLUSO MONTAJE Y RECIBIDO CON MORTERO DE CEMENTO 1:4.
A85: U141220 | B85: Partida | C85: UD | D85: REGISTRO Y TAPA 16X14X13 CM. | E85: 10 | G85: =ROUND(E85*F85*1,2) -> 0
D86: REGISTRO Y TAPA FUNDICION NODULAR PARA AGUA POTABLE 16X14X13 CM., INCLUSO TUBO PVC DN 110 MM, MONTAJE DE REGISTRO SOBRE EL MISMO Y RECIBIDO CON MORTERO DE CEMENTO 1:4, CORRECTAMENTE NIVELADO.
A87: U141221 | B87: Partida | C87: UD | D87: REGISTRO Y TAPA 19X19 CM CALZADA | E87: 5 | G87: =ROUND(E87*F87*1,2) -> 0
D88: REGISTRO Y TAPA EN CALZADA CON CAJA DE POLIAMIDA Y TAPA DE PP40% FV DE 190X190MM., INCLUSO TUBO PVC DN 110 MM, MONTAJE DE REGISTRO SOBRE EL MISMO Y RECIBIDO CON MORTERO DE CEMENTO 1:4 Y CORRECTAMENTE NIVELADO.
A89: U2400 | B89: Capítulo | D89: SUB-BASES Y MBC Y UNIDADES DE URBANIZACION | G89: =SUM(G90:G102) -> 0
A90: U240000 | B90: Partida | C90: M2 | D90: SUMINISTRO Y COLOCACION DE LAMIN | E90: 45 | G90: =ROUND(E90*F90*1,2) -> 0
D91: SUMINISTRO Y COLOCACION DE LAMINA ANTICONTAMINANTE GEOTEXTIL DE 136 GRS/M2 INCLUIDO P.P. DE SOLAPES Y RECORTES, FABRICADOS CON FILAMENTOS CONTINUOS DE POLIPROPILENO.
A92: U240001 | B92: Partida | C92: M3 | D92: SUB-BASE GRANULAR CON ARIDO NATURAL | E92: 45 | G92: =ROUND(E92*F92*1,2) -> 0
D93: SUB-BASE GRANULAR CON PRODUCTO NATURAL DE APORTACION O PRESTAMO EXTENDIDO Y COMPACTADO, CON UNA DENSIDAD NO INFERIOR AL 95% DEL PROCTOR MODIFICADO.
A94: U240002 | B94: Partida | C94: M3 | D94: SUB-BASE CON PRODUCTOS DE MACHAQUEO | E94: 45 | G94: =ROUND(E94*F94*1,2) -> 0
D95: SUB-BASE CON PRODUCTOS DE MACHAQUEO INCLUIDO MATERIAL DE APORTACION EXTENDIDO Y COMPACTADO CON UNA DENSIDAD NO INFERIOR AL 95% DEL PROCTOR MODIFICADO.
A96: U240300 | B96: Partida | C96: M2 | D96: MEZCLA BITUMINOSA EN FRIO 5 CM | E96: 45 | G96: =ROUND(E96*F96*1,2) -> 0
D97: MEZCLA BITUMINOSA EN FRIO EXTENDIDA A MANO CON ARIDO OFITICO, DE 5 CM. EXTENDIDO Y COMPACTACION, INCLUIDO RIEGO DE IMPRIMACION Y/O ADHERENCIA, HASTA UNA CORRECTA TERMINACION.
A98: U240400 | B98: Partida | C98: M2 | D98: MEZCLA BITUMINOSA EN CALIENTE 5 CM | E98: 45 | G98: =ROUND(E98*F98*1,2) -> 0
D99: MEZCLA BITUMINOSA EN CALIENTE EXTENDIDA A MAQUINA CON ARIDO OFITICO DE 5 CM. DE ESPESOR EXTENDIDO Y COMPACTADO, INCLUIDO RIEGO DE ADHERENCIA Y/O IMPRIMACION, HASTA UNA CORRECTA TERMINACION.
A100: U240500 | B100: Partida | C100: ML | D100: BORDILLO DE GRANITO DE 20 CM. | E100: 36 | G100: =ROUND(E100*F100*1,2) -> 0
...
